 Dungeon Crawl Stone Soup version 0.28-a0-390-gb254ac4902 (webtiles) character file.

Game seed: 8929642112825599807

90 olmar the Skirmisher (level 4, -5/40 HPs)
             Began as a Ghoul Monk on Sept 3, 2021.
             Slain by Robin (6 damage)
             ... on level 1 of the Dungeon.
             The game lasted 00:05:45 (3779 turns).

olmar the Skirmisher (Ghoul Monk)                   Turns: 3779, Time: 00:05:46

Health: -5/40      AC:  3    Str: 15    XL:     4   Next: 56%
Magic:  3/3        EV: 12    Int:  5    God:
Gold:   68         SH:  0    Dex: 11    Spells: 3/3 levels left

rFire   . . .      SeeInvis .   a - +0 mace
rCold   + . .      Faith    .   (no shield)
rNeg    + + +      Spirit   .   b - +0 robe
rPois   ∞          Reflect  .   f - +0 helmet
rElec   .          Harm     .   (no cloak)
rCorr   .          Rampage  .   (no gloves)
Will    .....                   (no boots)
Stlth   ++........              (no amulet)
HPRegen 0.00/turn               (no ring)
MPRegen 0.08/turn               (no ring)

@: inhibited regen
A: claws 1, cold resistance 1, negative energy resistance 3, inhibited
regeneration, torment resistance 2
a: no special abilities


You were on level 1 of the Dungeon.
You visited 1 branch of the dungeon, and saw 2 of its levels.

You collected 68 gold pieces.

Inventory:

Hand Weapons
 a - a +0 mace (weapon)
Missiles
 c - 3 silver boomerangs (quivered)
 g - 4 poisoned darts
Armour
 b - a +0 robe (worn)
 d - a +0 scale mail
 f - a +0 helmet (worn)
 h - a +0 chain mail


   Skills:
 + Level 3.9 Fighting
 + Level 3.7 Maces & Flails
 + Level 3.3 Dodging
 + Level 2.6 Stealth


You had 3 spell levels left.
You didn't know any spells.
Your spell library contained the following spells:

 Spells                   Type           Power      Damage    Failure   Level
 Magic Dart               Conj           0%         1d3       47%         1
 Searing Ray              Conj           0%         3d3       63%         2
 Gell's Gravitas          Tloc           0%         N/A       85%         3
 Teleport Other           Tloc           0%         N/A       85%         3
 Fulminant Prism          Conj/Hex       0%         3d6       99%         4
 Dispersal                Tloc           0%         N/A       100%        6


Dungeon Overview and Level Annotations

Branches:
Dungeon (2/15)

Altars:

Shops:
D:1 *   D:2 [

Annotations:
D:1 Robin


Innate Abilities, Weirdness & Mutations

You thrive by killing the living.
You are immune to poison.
You have sharp fingernails.
Your flesh is cold resistant. (rC+)
You are immune to negative energy. (rN+++)
You do not regenerate when monsters are visible.
You are immune to unholy pain and torment.


Message History

You kill the goblin!
You feel better. Robin hits you with a +0 falchion.
* * * LOW HITPOINT WARNING * * *
Robin barely misses you.
Unknown command.
Unknown command.
Things that are here:
a +0 club; a goblin corpse Robin throws the goblin at you!
You hit the goblin.
The goblin is heavily wounded.
The goblin unwields a +0 hunting sling.
The goblin wields a +0 dagger.
The goblin hits you but does no damage.
Unknown command.
You aren't carrying any potions.
Unknown command.
You aren't carrying any scrolls.
You barely miss the goblin.
The goblin is heavily wounded.
The goblin barely misses you. Robin hits you with a +0 falchion.
* * * LOW HITPOINT WARNING * * *
The goblin hits you with a +0 dagger.
* * * LOW HITPOINT WARNING * * *
Unknown command.
You sock the goblin!
You kill the goblin!
You feel better. Robin hits you with a +0 falchion.
* * * LOW HITPOINT WARNING * * *
Unknown command.
Unknown command.
Items here: ( )) †.
You aren't carrying any items that you can evoke.
There is an escape hatch in the ceiling here.
Robin hits you with a +0 falchion.
* * * LOW HITPOINT WARNING * * *
A mysterious force pulls you upwards. The hatch slams shut behind you.
Unknown command.
Unknown command.
Robin hits you with a +0 falchion.
You die...

#...# #.#.....##..###...# #...#
#.#.###)#..........
#...######.#.......#..#.#.##
######...#......#.##.......#.#...
#...>....'.........(.....###.###.
#........#......####.#...#.†...#.
#........#......#.##...###.###.##
#.......##......#.##...#[..# #...
###'###'##......@g##.#.###.###.##
#.##...#.....##.##.#...#.....#.
#.##.<.#.....##.####...###.###.
#.##...#.....##.# ##....#.#...
#.###'##.######.# #.#..###.## #.#
#....# #.#####.#......# #.#
###### #.........####### #.#
#######.#........ #.#
##.#.#######


You could see Robin.

Vanquished Creatures
  2 adders (D:2)
  An orc (D:2)
  5 bats (D:1)
  6 endoplasms
  2 giant cockroaches (D:1)
  16 goblins
  3 hobgoblins
  8 kobolds
  4 quokkas
  7 ball pythons
  4 frilled lizards
  5 rats (D:1)
63 creatures vanquished.

Notes
Turn   | Place    | Note
-------+----------+-------------------------------------------
     0 | D:1      | olmar the Ghoul Monk began the quest for the Orb.
     0 | D:1      | Reached XP level 1. HP: 19/19 MP: 0/0
   287 | D:1      | Found Teskuode's Assorted Antiques.
   332 | D:1      | Reached XP level 2. HP: 25/26 MP: 1/1
   960 | D:1      | Reached XP level 3. HP: 31/31 MP: 2/2
  1724 | D:2      | Found Geyd's Antique Armour Emporium.
  1917 | D:2      | Reached XP level 4. HP: 16/40 MP: 3/3
  1962 | D:2      | Noticed Robin
  3771 | D:2      | HP: 1/40 [Robin (2)]
  3779 | D:1      | Slain by Robin

Illustrated notes

Levels and vault maps discovered:
D:1:      dpeg_arrival_tiny_e, layout_basic, serial_shops,
          nicolae_shop_overgrown_old_shop, minmay_quantized
D:2:      layout_loops_ring, serial_shops, shop, corexii_hall_statues_i,
          serial_park_tiny_pond, uniq_robin

Skill      XL: |  1  2 |
---------------+-------+-----
Maces & Flails | 3 |  3.7
Dodging        | 3 |  3.3
Fighting       | |  3.9
Stealth        | |  2.6

Action                   |  1- 3 |  4- 6 || total
-------------------------+-------+-------++-------
Melee: Mace              |   169 |    66 ||   235
  Use: Potion            |     4 |       ||     4
       Scroll            |       |     1 ||     1
 Stab: Sleeping          |     3 |       ||     3
Armor: Robe              |    40 |    21 ||    61
Dodge: Dodged            |   135 |    36 ||   171

Table legend: (Time is in decaauts)
 A = Elapsed time spent in this place.
 B = Non-inter-level travel time spent in this place.
 C = Inter-level travel time spent in this place.
 D = Time resting spent in this place.
 E = Time spent auto-exploring this place.
 F = Levels seen in this place.
 G = Mean time per level.
                   A        B        C        D        E       F      G
               +--------+--------+--------+--------+--------+-----+--------+
         Total |   3821 |   3716 |    105 |   1412 |   1627 |   2 | 1910.5 |
       Dungeon |   3821 |   3716 |    105 |   1412 |   1627 |   2 | 1910.5 |
               +--------+--------+--------+--------+--------+-----+--------+

Top non-repeatable levels by time:
     D:1: 2029 daAuts
     D:2: 1791 daAuts
